Map: Ruins of Seras

Players

Altair

  • Race: Protoss Protoss
  • League: Master

MorN - Winner!

  • Race: Terran Terran
  • League: Master

VOD

Have the link to the VOD?

Description

Time

  • Played on: Dec. 8, 2015, 7:47 p.m.
  • Length: 15:47
Show
View Real Time Build Order
Export as new Build Order

Altair Protoss 

Build Orders: 1 Gate Expand, Blink Stalkers 

Get SALT Encoding   

  12  0:01  Probe (Chrono Boost)  
  13  0:12  Probe (Chrono Boost)  
  14  0:18  Pylon  
  14  0:24  Probe (Chrono Boost)  
  15  0:36  Probe (Chrono Boost)  
  15  0:39  Gateway  
  16  0:47  Probe (Chrono Boost)  
  16  0:49  Assimilator  
  17  0:58  Probe (Chrono Boost)  
  18  1:08  Probe (Chrono Boost)  
  19  1:19  Probe (Chrono Boost)  
  20  1:26  Cybernetics Core  
  20  1:30  Probe (Chrono Boost)  
  21  1:43  Nexus  
  21  1:49  Pylon  
  21  1:53  Probe (Chrono Boost)  
  22  2:00  Assimilator  
  22  2:08  Mothership Core (Chrono Boost)  
  24  2:16  Warp Gate  
  24  2:18  Adept  
  26  2:26  Probe (Chrono Boost)  
  28  2:37  Probe (Chrono Boost)  
  28  2:47  Twilight Council, Probe (Chrono Boost)  
  29  2:51  Pylon  
  27  3:13  Probe x2 (Chrono Boost)  
  29  3:23  Probe x2 (Chrono Boost), Robotics Facility  
  29  3:26  Blink (Chrono Boost)  
  31  3:33  Probe  
  31  3:35  Probe  
  33  3:43  Probe  
  33  3:47  Probe  
  35  3:49  Gateway  
  35  3:51  Gateway  
  35  3:54  Probe  
  36  3:59  Probe  
  37  4:05  Probe  
  38  4:11  Probe  
  38  4:13  Observer  
  40  4:30  Probe  
  38  4:32  Probe  
  38  4:34  Observer, Assimilator  
  38  4:37  Assimilator  
  41  4:53  Stalker x3  
  41  4:55  Warp Prism  
  41  4:56  Probe  
  50  5:04  Probe  
  50  5:05  Pylon  
  51  5:08  Probe  
  52  5:14  Probe  
  52  5:18  Charge (Chrono Boost)  
  52  5:20  Probe  
  54  5:25  Probe  
  55  5:33  Stalker  
  55  5:34  Stalker x2  
  52  6:01  Stalker  
  52  6:10  Pylon  
  52  6:19  Robotics Facility  
  52  6:21  Probe  
  52  6:25  Probe  
  53  6:26  Gateway  
  53  6:27  Gateway  
  53  6:31  Pylon  
  54  6:33  Probe  
  54  6:35  Probe  
  56  6:44  Templar Archives  
  56  6:45  Probe  
  56  6:46  Probe  
  58  6:57  Probe, Zealot x3  
  57  7:12  Observer  
  58  7:20  Templar Archives  
  58  7:21  Stalker x3  
  64  7:23  Pylon  
  64  7:26  Stalker x2  
  68  7:32  Probe  
  68  7:33  Probe  
  70  7:42  Probe  
  71  7:45  Probe  
  67  7:52  Psionic Storm  
  67  7:53  Probe  
  67  7:57  Probe  
  69  8:03  Probe  
  64  8:27  High Templar  
  64  8:28  High Templar  
  64  8:30  Zealot  
  64  8:31  Robotics Facility  
  68  8:34  Pylon  
  68  8:35  Probe  
  68  8:37  Probe  
  70  8:45  Pylon  
  70  8:47  Pylon  
  70  8:55  Forge  
  70  8:57  Pylon  
  70  8:59  Nexus  
  70  9:01  Pylon, High Templar x2  
  70  9:02  High Templar x2  
  78  9:06  Archon  
  78  9:16  Zealot  
  80  9:17  Pylon  
  80  9:19  Observer  
  70  9:40  Zealot x4  
  70  9:41  Zealot  
  78  9:57  Gateway  
  78  10:00  Gateway x2  
  78  10:01  Pylon  
  78  10:05  Archon  
  78  10:07  High Templar x2  
  78  10:08  Zealot x3  
  78  10:13  Nexus  
  88  10:26  Warp Prism  
  88  10:27  Dark Shrine  
  90  10:32  Zealot x3  
  96  10:42  Zealot x2  
  67  11:01  Pylon, Zealot x3  
  67  11:02  Zealot  
  67  11:03  Pylon  
  75  11:16  Probe  
  75  11:17  Probe, Pylon x2  
  76  11:22  Forge  
  76  11:35  High Templar x6  
  88  11:51  Archon x2  
  88  11:52  Archon  
  88  11:54  Zealot  
  90  12:08  Dark Templar x6  
  100  12:34  Nexus  
  87  12:45  High Templar  
  87  12:46  Zealot x2  
  93  12:52  Pylon  
  93  13:12  Dark Templar x2  
  97  13:14  Dark Templar  
  89  13:43  Dark Templar x2, Protoss Ground Weapons Level 1 (Chrono Boost)  
  89  13:47  Nexus  
  93  13:52  Zealot x2  
  93  13:53  Zealot x2  
  92  14:17  Dark Templar x2  
  92  14:34  Pylon  
  90  14:53  Pylon  
  90  14:56  Pylon  
  90  15:01  Pylon  
  90  15:14  Pylon  
  90  15:23  Dark Templar x2  
  76  15:34  Archon  
  52  15:36  Dark Templar  
  52  15:40  Zealot x3  
Show
View Real Time Build Order
Export as new Build Order

MorN Terran - Winner!

Build Orders: Reaper Expand, MMM Bio 

Get SALT Encoding   

  12  0:00  SCV  
  13  0:13  SCV  
  14  0:18  Supply Depot  
  14  0:25  SCV  
  15  0:39  SCV  
  15  0:42  Barracks  
  16  0:46  Refinery  
  16  0:51  SCV  
  17  1:03  SCV  
  18  1:16  SCV  
  19  1:29  Reaper  
  19  1:30  Orbital Command  
  20  1:45  Command Center  
  20  1:56  Supply Depot  
  20  1:57  SCV  
  21  2:02  Barracks Reactor  
  21  2:10  Barracks  
  21  2:14  SCV  
  22  2:23  Barracks  
  22  2:32  SCV  
  23  2:40  Marine  
  23  2:43  Factory  
  24  2:48  SCV  
  25  3:00  SCV  
  25  3:01  Orbital Command  
  26  3:12  Marine  
  27  3:13  Barracks Tech Lab  
  27  3:15  SCV, Refinery  
  27  3:17  Marine  
  29  3:26  Marine  
  30  3:27  Bunker  
  30  3:30  Marine  
  31  3:34  Starport  
  31  3:39  SCV x2  
  33  3:44  Stimpack  
  33  3:45  Marine  
  33  3:46  Marine  
  35  3:50  Marine  
  35  3:54  SCV  
  35  3:55  Factory Reactor  
  37  3:59  SCV  
  38  4:04  Marine  
  38  4:06  Supply Depot, SCV  
  38  4:09  Marine x2  
  42  4:14  SCV  
  43  4:22  SCV  
  44  4:25  Marine x2  
  44  4:30  SCV  
  46  4:38  SCV  
  47  4:41  Medivac x2  
  51  4:47  SCV  
  52  4:53  Marine x2  
  52  4:54  Command Center  
  52  4:57  Supply Depot  
  54  5:01  Supply Depot  
  54  5:03  Factory Reactor  
  54  5:18  SCV x2, Marine x3  
  57  5:29  Marine  
  57  5:33  Medivac x2  
  60  5:36  Marine  
  60  5:38  Marine x2  
  61  5:48  Marine  
  62  5:54  Marine  
  66  5:57  Marauder  
  62  6:10  Combat Shields, Barracks Tech Lab  
  62  6:11  Orbital Command  
  55  6:12  SCV  
  55  6:15  Engineering Bay  
  55  6:16  Engineering Bay  
  56  6:19  Barracks  
  56  6:20  Barracks  
  56  6:22  Marine x2  
  58  6:30  Marine x2  
  58  6:32  SCV  
  61  6:33  SCV  
  61  6:34  Refinery  
  61  6:35  Supply Depot, Refinery  
  61  6:39  Widow Mine x2, Medivac x2  
  66  6:44  SCV  
  66  6:45  SCV  
  66  6:46  Concussive Shells  
  72  6:48  Marauder x2  
  69  7:07  Marine x2  
  69  7:08  Barracks Reactor, Barracks Tech Lab  
  69  7:09  Marauder  
  69  7:10  Marauder  
  69  7:12  Orbital Command  
  73  7:18  SCV  
  74  7:25  Terran Infantry Weapons Level 1  
  74  7:27  Supply Depot  
  74  7:31  Marine x2  
  74  7:34  Terran Infantry Armor Level 1  
  76  7:37  Marine  
  76  7:38  Marauder, Marine  
  76  7:47  SCV x2  
  76  7:49  Supply Depot  
  76  7:50  Marine x2  
  80  7:51  Medivac  
  80  7:52  SCV  
  80  7:54  Marine  
  80  7:55  Marine  
  80  7:56  Marauder x2  
  89  8:00  Marauder  
  89  8:08  Marine x2  
  89  8:12  Marine  
  85  8:13  Marine  
  85  8:17  Marauder x2  
  87  8:21  Marauder  
  87  8:26  Marine x2  
  83  8:27  Widow Mine x2  
  83  8:28  Medivac  
  83  8:30  Marine x2  
  90  8:38  SCV  
  90  8:39  Armory, SCV, Marauder x2  
  96  8:42  Marine  
  96  8:43  Marine, Medivac  
  96  8:46  SCV  
  101  8:50  SCV  
  101  8:51  SCV  
  101  8:55  Marine x2  
  105  8:58  SCV  
  105  9:00  Supply Depot, Marauder  
  108  9:03  Supply Depot, SCV  
  109  9:11  Supply Depot  
  109  9:21  SCV, Medivac x2, Marine  
  109  9:22  SCV, Marauder, Marine  
  109  9:23  Marauder  
  117  9:25  Marauder  
  106  9:36  Marine x2  
  106  9:39  Marine  
  106  9:40  Marine  
  106  9:43  Marauder  
  106  9:44  Marauder  
  111  9:46  Marauder  
  111  9:51  Medivac x2  
  115  9:54  Marine  
  115  9:58  Terran Infantry Weapons Level 2  
  115  9:59  Terran Infantry Armor Level 2  
  116  10:00  SCV  
  116  10:01  SCV x2  
  116  10:03  Refinery  
  119  10:07  Marine  
  119  10:08  Marauder x2, Marine x3  
  119  10:12  SCV  
  119  10:13  Supply Depot, SCV  
  119  10:14  SCV  
  130  10:18  Marine  
  131  10:24  SCV  
  131  10:25  Marine  
  133  10:34  SCV x2  
  133  10:35  Marauder x2  
  139  10:36  SCV, Marine  
  139  10:40  Marine  
  139  10:42  Marauder  
  141  10:45  Marine  
  141  10:50  Supply Depot  
  141  10:54  Starport  
  141  10:56  Marine x2  
  141  10:58  Marauder  
  141  11:07  SCV, Marine  
  141  11:08  Marine  
  141  11:10  Marauder  
  139  11:11  Barracks  
  139  11:12  Barracks  
  139  11:13  Barracks  
  139  11:15  Marine x3  
  142  11:19  Marauder  
  144  11:26  Marine, Marauder  
  144  11:28  Supply Depot, Terran Vehicle Weapons Level 1  
  144  11:31  Marine  
  144  11:32  Marine  
  149  11:50  Marauder x2, Marine x4  
  149  11:52  Ghost Academy  
  157  11:59  Starport Tech Lab  
  157  12:00  Fusion Core  
  157  12:12  Marine  
  157  12:13  Marine  
  157  12:14  Marine x2  
  157  12:16  Marauder  
  156  12:24  Marauder  
  156  12:25  Marauder  
  150  12:30  Marine  
  150  12:31  Missile Turret, Marine x3  
  150  12:32  Marine x2  
  152  12:37  Marauder  
  149  12:56  Barracks Reactor  
  149  12:57  Barracks Tech Lab x2  
  149  13:03  Marauder  
  149  13:14  Marine  
  149  13:30  Command Center  
  149  13:33  Marine  
  149  13:34  SCV  
  149  13:51  Marauder  
  149  14:18  Supply Depot  
  149  14:37  Marine  
  149  14:38  SCV  
  149  14:39  Marauder x2, Ghost, Marine x4  
  149  14:40  Liberator, Marine x2  
  149  14:41  Marauder  
  157  14:56  Marine x2, Marauder  
  157  14:57  Marine x3  
  157  14:58  Marine  
  168  15:00  Ghost x2  
  168  15:01  Refinery  
  172  15:23  Marine x2  
  172  15:24  Marine x2  
  172  15:25  Marauder, Marine  
  172  15:26  Marauder x2  
  172  15:27  Marine  
Tags
 
Add a new tag
Caveats
  • Supply blocks, unpowered buildings, or Contaminate may cause inaccurate times.
  • Supply counts are checked every 10 seconds.